 Dungeon Crawl Stone Soup version 0.31-a0-521-gc7390f8997 (webtiles) character file.

Game seed: 16914394695179064325

54 Crownlay the Poker (level 3, -4/28 HPs)
             Began as a Demonspawn Gladiator on Aug 10, 2023.
             Slain by Sigmund
             ... wielding a +0 scythe
              (11 damage)
             ... on level 2 of the Dungeon.
             The game lasted 00:02:35 (1609 turns).

Crownlay the Poker (Demonspawn Gladiator)           Turns: 1609, Time: 00:02:36

Health: -4/28      AC:  3    Str: 14    XL:     3   Next: 66%
Magic:  3/3        EV: 13    Int:  9    God:
Gold:   44         SH:  0    Dex: 22    Spells: 2/2 levels left

rFire   . . .        a - +0 trident
rCold   . . .        (no shield)
rNeg    . . .        b - +0 leather armour
rPois   .            (helmet restricted)
rElec   .            (no cloak)
rCorr   .            (no gloves)
SInv    .            (no boots)
Will    .....        q - amulet of regeneration
Stlth   ++           k - +6 ring of dexterity
HPRegen 1.04/turn    (no ring)
MPRegen 0.08/turn

%: no passive effects
@: no status effects
A: horns 1
a: no special abilities


You were on level 2 of the Dungeon.
You visited 1 branch of the dungeon, and saw 2 of its levels.

You collected 44 gold pieces.

Inventory:

Hand Weapons
 a - a +0 trident (weapon)
Missiles
 d - 3 throwing nets (quivered)
 e - a javelin
Armour
 b - a +0 leather armour (worn)
 c - a +0 helmet
Magical Staves
 h - a staff of death
Jewellery
 k - a +6 ring of dexterity (left hand)
 q - an amulet of regeneration (around neck)
Scrolls
 f - 2 scrolls of brand weapon {unknown}
 i - a scroll of enchant weapon {unknown}
 j - 3 scrolls of identify {unknown}
 o - a scroll of revelation {unknown}
 p - a scroll of immolation {unknown}
Potions
 g - a potion of cancellation {unknown}
 l - a potion of lignification {unknown}
 m - a potion of haste {unknown}
 n - a potion of attraction {unknown}


   Skills:
 + Level 2.6 Fighting
 * Level 3.5 Polearms
 - Level 1.7 Throwing
 - Level 2.6 Dodging
 + Level 1.3 Shields


You had 2 spell levels left.
You didn't know any spells.
Your spell library contained the following spells:

 Spells                   Type           Power      Damage    Failure   Level
 Necrotise                Necr           0%         1d4       45%         1
 Vampiric Draining        Necr           0%         2d6       83%         3
 Agony                    Necr           0%         N/A       100%        5


Dungeon Overview and Level Annotations

Branches:
Dungeon (2/15)

Altars:

Annotations:
D:2 Sigmund


Innate Abilities, Weirdness & Mutations

You have a pair of small horns on your head.


Message History

You see here a worm corpse.
HP restored.
You see here a worm corpse.
p - a scroll labelled XIUDERRYADO No target in view!
q - an amulet of regeneration You start putting on your amulet.
You continue putting on your amulet of regeneration. x5
You finish putting on your amulet of regeneration.
The amulet throbs as it attunes itself to your uninjured body.
q - an amulet of regeneration (around neck) Sigmund the Dreaded comes into view.
He is wielding a +0 scythe.
Sigmund shouts!
You hear an angry hiss.
A ball python comes into view.
Sigmund points at you and mumbles some strange words.
You resist with significant effort.
The ball python moves out of view.
Sigmund is nearby!
Sigmund is nearby!
Sigmund points at you and mumbles some strange words.
The magic dart hits you!
You reach to attack!
You completely miss Sigmund.
Sigmund hits you from afar with a +0 scythe!
You are too injured to fight recklessly!
You are too injured to fight recklessly!
You are too injured to fight recklessly!
Reach: a) +0 trident
Press: ? - help, Dir - move target, f/p - Sigmund
Aim: Sigmund, wielding a +0 scythe and wearing a +0 robe (about 39% to evade your +0 trident)
You reach to attack!
You closely miss Sigmund.
Sigmund hits you from afar with a +0 scythe.
You closely miss the ball python. The ball python misses you.
The ball python closely misses you.
You barely miss the ball python. You headbutt the ball python.
The ball python is severely wounded.
Sigmund casts a spell at you. The puff of flame hits you.
* * * LOW HITPOINT WARNING * * *
The ball python closely misses you. x2
Sigmund hits you from afar with a +0 scythe!
You die...

....# #.# .##.# #.# #
.##.# #.# .. ..
.##.###.# #. ..
........# #. $#
###.##### #.#. #.# #
#... #.# #.##.####.#
#.# #....S@.@.# #.#
####.###### ###(###
#.## #.#...# #..##
...##.########...####
....................+
...##.########...####
#...†....# #..##
##.##.##.# #.##


You could see Sigmund and a ball python.

Vanquished Creatures
  A worm (D:2)
  4 dart slugs (D:1)
  8 bats
  An endoplasm (D:1)
  A giant cockroach (D:2)
  3 goblins (D:1)
  2 hobgoblins (D:1)
  5 kobolds (D:1)
  3 quokkas (D:1)
  5 ball pythons
  7 rats
40 creatures vanquished.

Notes
Turn   | Place    | Note
-------+----------+-------------------------------------------
     0 | D:1      | Crownlay the Demonspawn Gladiator began the quest for the
                  | Orb.
     0 | D:1      | Reached XP level 1. HP: 16/16 MP: 1/1
    83 | D:1      | Reached skill level 3 in Polearms
   105 | D:1      | Gained mutation: You have a pair of small horns on your
                  | head. [demonic ancestry]
   105 | D:1      | Reached XP level 2. HP: 22/22 MP: 2/2
   381 | D:1      | Reached skill level 1 in Shields
   403 | D:1      | Reached XP level 3. HP: 27/28 MP: 3/3
  1177 | D:2      | Found a faded altar of an unknown god.
  1603 | D:2      | Noticed Sigmund
  1609 | D:2      | Slain by Sigmund

Illustrated notes

Levels and vault maps discovered:
D:1:      scummos_arrival_gate, layout_basic
D:2:      layout_loops_corners, shapermc_ecumenical_altar_venn, uniq_sigmund

Skill      XL: |  1  2 |
---------------+-------+-----
Polearms       | 3 |  3.5
Shields        | 1 |  1.3
Fighting       | |  2.6
Throwing       | |  1.7
Dodging        | |  2.6

Action                     || total
---------------------------++-------
  Melee: Trident           ||   125
         Headbutt          ||    12
         Punch             ||     1
   Stab: Sleeping          ||     9
 Armour: Leather armour    ||    37
  Dodge: Dodged            ||    59

Table legend: (Time is in decaauts)
 A = Elapsed time spent in this place.
 B = Non-inter-level travel time spent in this place.
 C = Inter-level travel time spent in this place.
 D = Time resting spent in this place.
 E = Time spent auto-exploring this place.
 F = Levels seen in this place.
 G = Mean time per level.
                   A        B        C        D        E       F      G
               +--------+--------+--------+--------+--------+-----+--------+
         Total |   1625 |   1579 |     46 |      0 |   1303 |   2 |  812.5 |
       Dungeon |   1625 |   1579 |     46 |      0 |   1303 |   2 |  812.5 |
               +--------+--------+--------+--------+--------+-----+--------+

Top non-repeatable levels by time:
     D:1: 1036 daAuts
     D:2: 588 daAuts
